 Seeded DCSS version 0.32-a0-450-g080537f31e (webtiles) character file.

Game seed: 6965631656755398118 (custom seed)

2879 CougarLife the Geomancer (level 9, -24/45 HPs)
             Began as a Gargoyle Earth Elementalist on Feb 23, 2024.
             Was an Initiate of Gozag.
             Annihilated by a two-headed ogre
             ... wielding a +0 giant club
              (26 damage)
             ... on level 9 of the Dungeon.
             The game lasted 00:09:20 (7798 turns).

CougarLife the Geomancer (GrEE)                     Turns: 7798, Time: 00:09:21

Health: -24/45     AC: 11    Str: 13    XL:     9   Next: 76%
Magic:  1/20       EV: 11    Int: 19    God:    Gozag
Gold:   1236       SH:  0    Dex: 10    Spells: 18/22 levels left

rFire   . . .        e - +1 dagger (venom)
rCold   . . .        (no shield)
rNeg    + . .        a - +0 robe
rPois   ∞            j - +0 helmet
rElec   +            (no cloak)
rCorr   .            C - +0 pair of gloves
SInv    .            y - +0 pair of boots
Will    .....        (no amulet)
Stlth   ++           t - +4 ring of slaying
HPRegen 0.27/turn    (no ring)
MPRegen 0.17/turn

%: no passive effects
@: very slightly contaminated
A: sickness immunity, AC +6, negative energy resistance 1, electricity
resistance, torment resistance 1, petrification resistance
a: Renounce Religion, Potion Petition, Call Merchant, Bribe Branch


You were on level 9 of the Dungeon.
You worshipped Gozag.
Gozag was most pleased with you.
You visited 2 branches of the dungeon, and saw 10 of its levels.

You collected 1343 gold pieces.
You paid 107 gold pieces to Gozag.

Inventory:

Hand Weapons
 e - a +1 dagger of venom (weapon)
Armour
 a - a +0 robe (worn)
 j - a +0 helmet (worn)
 y - a +0 pair of boots (worn)
 C - a +0 pair of gloves (worn)
Jewellery
 t - a +4 ring of slaying (left hand)
Wands
 b - a wand of mindburst (12)
 g - a wand of roots (6)
 v - a wand of flame (4)
 A - a wand of quicksilver (5)
Scrolls
 c - a scroll of acquirement
 l - 2 scrolls of amnesia
 q - a scroll of poison
 r - a scroll of noise
 u - a scroll of enchant armour
 z - a scroll of silence {unknown}
 B - a scroll of revelation {unknown}
Potions
 d - 4 potions of enlightenment {unknown}
 f - a potion of heal wounds {unknown}
 h - a potion of resistance {unknown}
 i - a potion of lignification {unknown}
 m - 2 potions of attraction {unknown}
 n - a potion of cancellation {unknown}
 o - a potion of invisibility {unknown}
 p - 2 potions of curing {unknown}
 s - 3 potions of haste {unknown}
 w - 2 potions of might {unknown}
 x - 2 potions of brilliance {unknown}


   Skills:
 - Level 1.5 Dodging
 - Level 2.1 Stealth
 + Level 7.3 Spellcasting
 + Level 8.3 Conjurations
 + Level 9.8 Earth Magic


You had 18 spell levels left.
You knew the following spells:

 Your Spells              Type           Power      Damage    Failure   Level
a - Sandblast             Erth           88%        2d18      1%          1
b - Stone Arrow           Conj/Erth      82%        3d12      1%          3

Your spell library contained the following spells:

 Spells                   Type           Power      Damage    Failure   Level
 Passwall                 Erth           44%        N/A       1%          3
 Momentum Strike          Conj/Tloc      44%        3d9       2%          2
 Brom's Barrelling Bould  Conj/Erth      41%        2d6       2%          4
 Petrify                  Alch/Erth      25%        N/A       13%         4
 Blink                    Tloc           12%        N/A       14%         2
 Lesser Beckoning         Tloc           12%        N/A       14%         2
 Borgnjor's Vile Clutch   Necr/Erth      12%        N/A       34%         5
 Manifold Assault         Tloc           6%         N/A       67%         4
 Death Channel            Necr           3%         N/A       100%        6
 Dispersal                Tloc           3%         N/A       100%        6
 Disjunction              Tloc           3%         N/A       100%        8
 Animate Dead             Necr           Unusable   N/A       N/A         4

Dungeon Overview and Level Annotations

Branches:
Dungeon (10/15)            Temple (1/1) D:6             Orc (0/2) D:10
   Lair: D:8-11

Altars:
Ashenzari
Cheibriados
Elyvilon
Fedhas
Gozag
Makhleb
Nemelex Xobeh
Okawaru
Qazlal
Ru
Sif Muna
Uskayaw
Xom
Yredelemnul
Zin
The Shining One
Beogh

Shops:
D:1 (!   D:2 *   D:3 [

Portals:
Bailey: D:9

Annotations:
D:3 3 runed translucent doors, Bravepunisher's ghost, weakling SpMo


Innate Abilities, Weirdness & Mutations

You are immune to sickness and miasma.
Your stone body is resilient. (AC +6)
You are immune to poison.
You resist negative energy. (rN+)
You are resistant to electric shocks. (rElec)
You are resistant to unholy torment.
You are immune to petrification.


Message History

Okay, then.
You see here a scroll of identify.
Casting: Sandblast (safe; 1% risk of failure)
Confirm with . or Enter, or press ? or * to list all spells.
Aiming: Stone Arrow (safe; 1% risk of failure)
Press: ? - help, Shift-Dir - straight line, f - two-headed ogre
Aim: a two-headed ogre, wielding a +0 giant club and a +0 great mace (89% to hit)
The stone arrow hits the two-headed ogre!!
The two-headed ogre is heavily wounded.
Casting: Stone Arrow (safe; 1% risk of failure)
Confirm with . or Enter, or press ? or * to list all spells.
Aiming: Stone Arrow (safe; 1% risk of failure)
Press: ? - help, Shift-Dir - straight line, f/p - two-headed ogre
Aim: a two-headed ogre, wielding a +0 giant club and a +0 great mace (heavily wounded, 89% to hit)
The stone arrow hits the two-headed ogre!
The two-headed ogre is almost dead.
Casting: Stone Arrow (safe; 1% risk of failure)
Confirm with . or Enter, or press ? or * to list all spells.
Aiming: Stone Arrow (safe; 1% risk of failure)
Press: ? - help, Shift-Dir - straight line, f/p - two-headed ogre
Aim: a two-headed ogre, wielding a +0 giant club and a +0 great mace (almost dead, 89% to hit)
You miscast Stone Arrow.
You are very lightly contaminated with residual magic.
Nothing appears to happen.
Casting: Stone Arrow (safe; 1% risk of failure)
Confirm with . or Enter, or press ? or * to list all spells.
You don't have enough magic to cast this spell.
You hit the two-headed ogre.
The two-headed ogre is poisoned.
The two-headed ogre is almost dead.
The two-headed ogre hits you with a +0 giant club!
* * * LOW HITPOINT WARNING * * *
The two-headed ogre hits you with a +0 great mace!
* * * LOW HITPOINT WARNING * * *
Casting: Stone Arrow (safe; 1% risk of failure)
Confirm with . or Enter, or press ? or * to list all spells.
You don't have enough magic to cast this spell.
The two-headed ogre hits you with a +0 giant club!!
Ouch! That really hurt!
You die...
Your body crumbles into a pile of gold.

###.......
#....... #.......
#...#.#. ###.#.'.
#.......###.
##################
#.O...?...........
#@############...#
#.# #..... ..#
#..... #### #..≈≈≈
#..≈gg ##.≈g∩
#.≈.$ #.≈≈~ #....


You could see a two-headed ogre (very poisoned).

Vanquished Creatures
  2 wyverns (D:9)
  Eustachio (D:5)
  2 water moccasins
  A black bear (D:6)
  An orc warrior (D:6)
  4 ogres
  A centaur (D:9)
  A phantom (D:3)
  2 kobold brigands (D:9)
  A gnoll sergeant (D:5)
  3 scorpions (D:6)
  4 wights (D:6)
  5 killer bees (D:9)
  A bombardier beetle (D:3)
  A jelly (D:5)
  2 hounds (D:5)
  2 gnoll boudas
  An orc priest (D:6)
  Ijyb (D:3)
  Natasha (thrice) (D:2)
  2 iguanas
  3 orc wizards
  Robin (D:2)
  9 gnolls
  11 adders
  A white imp (D:6)
  2 ribbon worms
  A dart slug (D:4)
  12 orcs
  7 ball pythons
  7 bats
  7 endoplasms
  3 giant cockroaches
  10 goblins (D:2)
  7 hobgoblins
  7 jackals
  16 kobolds
  3 quokkas (D:2)
  3 frilled lizards (D:1)
  2 rats (D:1)
153 creatures vanquished.

Notes
Turn   | Place    | Note
-------+----------+-------------------------------------------
     0 | D:1      | CougarLife the Gargoyle Earth Elementalist began the quest
                  | for the Orb.
     0 | D:1      | Reached XP level 1. HP: 10/10 MP: 3/3
    72 | D:1      | Found Ashripp's Weapon Shoppe.
   277 | D:1      | Reached XP level 2. HP: 7/15 MP: 0/5
   357 | D:1      | Found Baxzixzy's Distillery.
   631 | D:1      | Reached skill level 4 in Earth Magic
   841 | D:1      | Reached XP level 3. HP: 9/19 MP: 1/6
  1468 | D:2      | Noticed Natasha
  1473 | D:2      | Killed Natasha
  1474 | D:2      | Reached XP level 4. HP: 24/24 MP: 5/8
  1603 | D:2      | Identified the +2 kite shield of Untold Secrets {Str+4
                  | Int+5 Slay-3 SInv}
  1611 | D:2      | Noticed Robin
  1621 | D:2      | Killed Robin
  1757 | D:2      | Found Sozous's Assorted Antiques.
  2122 | D:2      | Noticed Natasha
  2127 | D:2      | Killed Natasha
  2128 | D:2      | Reached XP level 5. HP: 22/28 MP: 5/9
  2172 | D:2      | Noticed Natasha
  2176 | D:2      | Killed Natasha
  2177 | D:2      | Reached skill level 5 in Earth Magic
  2284 | D:3      | Noticed Ijyb
  2291 | D:3      | Learned a level 3 spell: Stone Arrow
  2299 | D:3      | Killed Ijyb
  2417 | D:3      | Reached XP level 6. HP: 11/32 MP: 4/11
  2834 | D:3      | Found Tiomocil's Antique Armour Boutique.
  2983 | D:3      | Found a runed translucent gate.
  2990 | D:3      | Found a runed translucent gate.
  2990 | D:3      | Identified the +1 leather armour of Insurance {Rampage
                  | rCorr}
  2990 | D:3      | Noticed Bravepunisher's ghost (weakling SpMo)
  2991 | D:3      | Found a runed translucent gate.
  3254 | D:3      | Found a roughly hewn altar of Beogh.
  4132 | D:4      | Reached skill level 6 in Earth Magic
  4151 | D:3      | Reached XP level 7. HP: 13/36 MP: 1/13
  4755 | D:5      | Entered Level 5 of the Dungeon
  5014 | D:5      | Noticed Eustachio
  5025 | D:5      | Killed Eustachio
  5026 | D:5      | Reached skill level 5 in Conjurations
  5142 | D:5      | Reached skill level 5 in Spellcasting
  5142 | D:5      | Reached skill level 7 in Earth Magic
  5185 | D:5      | Reached XP level 8. HP: 36/41 MP: 10/15
  6136 | D:6      | Found a staircase to the Ecumenical Temple.
  6209 | Temple   | Entered the Ecumenical Temple
  6222 | Temple   | Became a worshipper of Gozag Ym Sagoz the Greedy
  6334 | D:6      | Found a sparkling altar of Nemelex Xobeh.
  6348 | D:6      | Reached skill level 8 in Earth Magic
  6769 | D:6      | Reached XP level 9. HP: 45/45 MP: 8/18
  7271 | D:6      | Reached skill level 9 in Earth Magic
  7478 | D:7      | You fall into a shaft and drop 2 floors!
  7503 | D:9      | Identified a scroll of acquirement
  7508 | D:10     | Entered Level 10 of the Dungeon
  7508 | D:10     | Found a stormy altar of Qazlal.
  7510 | D:10     | Found a blossoming altar of Fedhas.
  7515 | D:10     | Found a staircase to the Orcish Mines.
  7775 | D:9      | Found a flagged portal.
  7777 | D:9      | Noticed a two-headed ogre
  7796 | D:9      | HP: 1/45 [two-headed ogre/+0 giant club (8)]
  7798 | D:9      | Annihilated by a two-headed ogre

Illustrated notes

Levels and vault maps discovered:
D:1:      dpeg_arrival_solitude, layout_loops_corners, serial_shops, shop, shop
D:2:      layout_loops_cross, serial_shops, shop, uniq_natasha, uniq_robin
D:3:      layout_loops_ring, biasface_ghost_orc_armoury, serial_shops,
          nicolae_shop_tiny_real_fake_doors, uniq_ijyb
D:4:      layout_layer_cave, minmay_gold_behind_fungi
D:5:      layout_loops_ring, kennysheep_generic_room_13, uniq_eustachio
D:6:      minmay_spotlight, layout_loops_corners, overflow_temple_1_default,
          minmay_temple_entry_crystal_x
D:7:      layout_rooms, grunt_ministairs_7, nicolae_shop_sticking_my_neck_out,
          uniq_pikel
D:9:      layout_basic, enter_bailey_5, nicolae_straight_to_the_point, uniq_grum
D:10:     layout_basic, grunt_temple_overflow_forces_of_nature,
          minmay_overflow_temple_star_hex, minmay_orc_entry_temple_small
Temple:   compressed_dpeg_triangle_lava_temple

Skill      XL: |  1  2  3  4  5  6  7  8  9 |
---------------+----------------------------+-----
Earth Magic    | 4 5 6 7 8 9 |  9.8
Conjurations   | 2 3 4 5 7 8 |  8.3
Spellcasting   | 3 4 5 6 7 |  7.3
Dodging        | |  1.5
Stealth        | |  2.1

Action                     |  1- 3 |  4- 6 |  7- 9 || total
---------------------------+-------+-------+-------++-------
  Melee: Dagger            |    30 |    34 |    18 ||    82
   Cast: Sandblast         |    38 |    83 |    89 ||   210
         Stone Arrow       |       |     5 |    41 ||    46
    Use: Potion            |       |     1 |       ||     1
         Scroll            |       |       |     5 ||     5
   Stab: Sleeping          |     1 |       |       ||     1
 Armour: Robe              |    36 |    43 |    74 ||   153
  Dodge: Dodged            |    39 |    35 |    64 ||   138

Table legend: (Time is in decaauts)
 A = Elapsed time spent in this place.
 B = Non-inter-level travel time spent in this place.
 C = Inter-level travel time spent in this place.
 D = Time resting spent in this place.
 E = Time spent auto-exploring this place.
 F = Levels seen in this place.
 G = Mean time per level.
                   A        B        C        D        E       F      G
               +--------+--------+--------+--------+--------+-----+--------+
         Total |   7903 |   7524 |    379 |   1200 |   5045 |  10 |  790.3 |
       Dungeon |   7876 |   7509 |    367 |   1200 |   5045 |   9 |  875.1 |
        Temple |     26 |     14 |     12 |      0 |      0 |   1 |   26.0 |
               +--------+--------+--------+--------+--------+-----+--------+

Top non-repeatable levels by time:
     D:6: 1641 daAuts
     D:3: 1397 daAuts
     D:4: 1343 daAuts
     D:2: 1177 daAuts
     D:1: 1077 daAuts
     D:5: 891 daAuts
     D:9: 307 daAuts
  Temple: 26 daAuts
    D:10: 25 daAuts
     D:7: 14 daAuts
